 Dungeon Crawl Stone Soup version 0.23.1 (webtiles) character file.

Game seed: 17480888925143010673

1726 Borgoz the Grappler (level 9, -18/78 HPs)
             Began as a Ghoul Abyssal Knight on Mar 2, 2019.
             Was a Priest of Lugonu.
             Demolished by a two-headed ogre
             ... wielding a +0 giant spiked club
              (25 damage)
             ... on level 6 of the Dungeon.
             The game lasted 00:08:45 (4847 turns).

Borgoz the Grappler (Ghoul Abyssal Knight)          Turns: 4847, Time: 00:08:46

Health: -18/78     AC:  7    Str: 16    XL:     9   Next: 4%
Magic:  12/12      EV: 13    Int:  8    God:    Lugonu [***...]
Gold:   210        SH:  0    Dex: 10    Spells: 14/14 levels left

rFire    . . .     SeeInvis .     - Unarmed
rCold    + . .     Gourm    .   (no shield)
rNeg     + + +     Faith    .   j - +1 ring mail
rPois    ∞         Spirit   .   (no helmet)
rElec    .         Reflect  .   (no cloak)
rCorr    .         Harm     .   (no gloves)
MR       .....                  (no boots)
Stlth    ..........             (no amulet)
HPRegen  0.00/turn              (no ring)
MPRegen  0.13/turn              (no ring)

@: very slightly contaminated, rotting, invisible
A: rotting body, claws 1, carnivore, cold resistance 1, negative energy
resistance 3, inhibited regeneration, torment resistance, unbreathing
a: Depart the Abyss, Bend Space, Banish, Renounce Religion


You were on level 6 of the Dungeon.
You worshipped Lugonu.
Lugonu was most pleased with you.
You were not hungry.

You visited 1 branch of the dungeon, and saw 6 of its levels.
You visited the Abyss 1 time.

You collected 210 gold pieces.

Inventory:

Missiles
 e - 11 poisoned needles
Armour
 a - a +2 shield
 i - a +1 robe of magic resistance
 j - a +1 ring mail (worn)
Wands
 k - a wand of enslavement (7)
 n - a wand of disintegration (8)
Scrolls
 c - a scroll of enchant armour
 d - a scroll of fear {unknown}
 h - a scroll of magic mapping
 l - a scroll of immolation {unknown}
 m - a scroll of remove curse
 o - a scroll of enchant weapon {unknown}
 q - a scroll of teleportation {unknown}
Potions
 g - a potion of invisibility
 p - 3 potions of curing
 s - a potion of heal wounds
Comestibles
 b - 8 rations
 f - 11 chunks of flesh


   Skills:
 + Level 6.6 Fighting
 + Level 5.0 Armour
 + Level 6.0 Dodging
 * Level 8.6 Unarmed Combat
 - Level 3.0 Spellcasting
 + Level 6.0 Invocations
 - Level 3.3 Evocations


You had 14 spell levels left.
You didn't know any spells.
Your spell library was empty.

Dungeon Overview and Level Annotations

Branches:
Dungeon (6/15)
 Temple: D:4-7

Altars:
Cheibriados
Fedhas
Hepliaklqana
Okawaru
Ru
Vehumet
Xom
Yredelemnul


Innate Abilities, Weirdness & Mutations

Your body is rotting away.
You thrive on raw meat.
You are immune to poison.
You have sharp fingernails.
You are carnivorous and can eat meat at any time.
Your flesh is cold resistant. (rC+)
You are immune to negative energy. (rN+++)
You do not regenerate when monsters are visible.
You are immune to unholy pain and torment.
You can survive without breathing.


Message History

The two-headed ogre barely misses you. The two-headed ogre closely misses you.
You claw the two-headed ogre!
The two-headed ogre is moderately wounded.
You claw the two-headed ogre!
The two-headed ogre is heavily wounded.
The two-headed ogre barely misses you. The two-headed ogre misses you.
You scratch the two-headed ogre.
The two-headed ogre is heavily wounded.
The two-headed ogre hits you with a +0 giant spiked club!!
* * * LOW HITPOINT WARNING * * *
The two-headed ogre closely misses you.
You are too injured to fight recklessly!
Eat one of 13 chunks of flesh? (ye/n/q)
You eat one of the 13 chunks of flesh.
This raw flesh tastes great!
Eat one of 12 chunks of flesh? (ye/n/q)
You eat one of the 12 chunks of flesh.
This raw flesh tastes great!
The two-headed ogre hits you with a +0 giant spiked club!!
* * * LOW HITPOINT WARNING * * *
The two-headed ogre hits you with a +0 giant club!!
You die...

# #.# #.# #..#
... #.# #.## ###
#.# #.# #.# ##.#
# ###.# #..# #.
#...######.###
#.##.#..........#
#....#.######.#.#
###@.#.# #......#
#O.#.# #.###..#
#..#.# # #..####
#..#.# #......
#..### #######
#..# ...# ## ##.#
#. #.


You could see a two-headed ogre.

Vanquished Creatures
  Grinder (D:5)
  4 ice beasts
  An orc warrior (D:6)
  An ogre (D:4)
  A bullfrog (D:6)
  A scorpion (D:4)
  2 howler monkeys
  2 crimson imps (D:5)
  3 orc priests
  A jelly (D:5)
  5 orc wizards
  2 iguanas
  3 worker ants
  A worker ant zombie (D:5)
  5 gnolls (D:3)
  2 adders
  A worm (D:4)
  4 dart slugs
  26 orcs
  8 bats
  4 giant cockroaches
  11 goblins
  3 hobgoblins
  10 jackals
  7 kobolds
  2 quokkas
  7 frilled lizards
  A leopard gecko skeleton (D:4)
  8 rats
  A spectral orc (D:3)
128 creatures vanquished.

Notes
Turn   | Place    | Note
-------+----------+-------------------------------------------
     0 | Abyss:1  | Borgoz the Ghoul Abyssal Knight began the quest for the
                  | Orb.
     0 | Abyss:1  | Reached XP level 1. HP: 19/19 MP: 1/1
    86 | Abyss:2  | Noticed a sixfirhy
    86 | D:1      | Escaped the Abyss
   157 | D:1      | Reached * piety under Lugonu
   157 | D:1      | Reached skill level 1 in Dodging
   265 | D:1      | Reached XP level 2. HP: 9/26 MP: 2/2
   821 | D:1      | Reached XP level 3. HP: 28/31 MP: 3/3
  1201 | D:2      | Found a snail-covered altar of Cheibriados.
  1267 | D:2      | Found a radiant altar of Vehumet.
  1422 | D:2      | Reached skill level 3 in Unarmed Combat
  1768 | D:3      | Found a shimmering altar of Xom.
  1804 | D:3      | Found a blossoming altar of Fedhas.
  1956 | D:3      | Found a sacrificial altar of Ru.
  2061 | D:3      | Reached XP level 4. HP: 24/39 MP: 4/4
  2236 | D:3      | Reached ** piety under Lugonu
  2345 | D:3      | Found a basalt altar of Yredelemnul.
  2444 | D:3      | Found an iron altar of Okawaru.
  2699 | D:4      | Reached XP level 5. HP: 35/46 MP: 6/6
  2813 | D:4      | Noticed an ogre
  2832 | D:5      | Entered Level 5 of the Dungeon
  2861 | D:4      | Reached skill level 5 in Fighting
  2861 | D:4      | Reached skill level 5 in Dodging
  2861 | D:4      | Reached skill level 7 in Unarmed Combat
  2861 | D:4      | Reached skill level 5 in Invocations
  2861 | D:4      | Reached XP level 6. HP: 56/56 MP: 6/9
  3084 | D:4      | Reached XP level 7. HP: 28/62 MP: 10/10
  3350 | D:4      | Reached *** piety under Lugonu
  3746 | D:5      | Found a hazy altar of Hepliaklqana.
  3870 | D:5      | Reached skill level 8 in Unarmed Combat
  3870 | D:5      | Reached XP level 8. HP: 39/69 MP: 11/11
  4437 | D:5      | Noticed Grinder
  4454 | D:5      | Paralysed by Grinder for 5 turns
  4471 | D:5      | Killed Grinder
  4586 | D:6      | Reached skill level 5 in Armour
  4666 | D:6      | Noticed a two-headed ogre
  4722 | D:6      | Reached XP level 9. HP: 77/77 MP: 12/12
  4847 | D:6      | Demolished by a two-headed ogre

Skill      XL: |  1  2  3  4  5  6  7  8 |
---------------+-------------------------+-----
Dodging        | 1 5 6 |  6.0
Armour         | 2 4 5 |  5.0
Unarmed Combat | 3 7 8 |  8.6
Fighting       | 5 6 |  6.6
Spellcasting   | 3 |  3.0
Invocations    | 5 6 |  6.0
Evocations     | 3 |  3.3

Action                   |  1- 3 |  4- 6 |  7- 9 || total
-------------------------+-------+-------+-------++-------
Melee: Unarmed           |   141 |   159 |   238 ||   538
       Punch             |     4 |     2 |     7 ||    13
Invok: Depart the Abyss  |     1 |       |       ||     1
Evoke: Wand              |       |       |     1 ||     1
  Use: Potion            |       |     5 |     1 ||     6
       Scroll            |       |     3 |     3 ||     6
  Eat: Chunk             |     5 |     9 |    18 ||    32
Armor: Leather armour    |    49 |    15 |       ||    64
       Chain mail        |       |    24 |       ||    24
       Ring mail         |       |       |    38 ||    38
Dodge: Dodged            |    82 |    74 |    92 ||   248
Block: Shield            |       |       |    23 ||    23
